 Dungeon Crawl Stone Soup version 0.32-a0-329-ge6c31236d6 (webtiles) character file.

Game seed: 1640108663416695534

400 runemasterragnar the Changeling (level 6, -10/41 HPs)
             Began as an Octopode Shapeshifter on Feb 16, 2024.
             Was a Plaything of Xom.
             Mangled by an orc
             ... wielding a +0 short sword of electrocution
              (19 damage)
             ... on level 4 of the Dungeon.
             The game lasted 00:04:19 (3159 turns).

runemasterragnar the Changeling (OpSh)              Turns: 3159, Time: 00:04:20

Health: -10/41     AC:  1    Str: 15    XL:     6   Next: 84%
Magic:  6/6        EV: 13    Int: 13    God:    Xom [*.....]
Gold:   109        SH:  0    Dex:  9    Spells: 5/5 levels left

rFire   . .          .
                       - Unarmed
rCold   . . .        (no shield)
rNeg    . . .        (helmet currently unavailable)
rPois   .            (no amulet)
rElec   .            (no ring)
rCorr   .            (no ring)
SInv    .            (no ring)
Will    +....        (no ring)
Stlth   +++          (no ring)
HPRegen 0.26/turn    (no ring)
MPRegen 0.10/turn    (no ring)
                     (no ring)

%: no passive effects
@: beast-form
A: beast (slay +2), almost no armour, amphibious, 8 rings, camouflage 1,
gelatinous body 1, (nimble swimmer 1), tentacles, clumsy 1, strong-willed 1,
noise suppression, devolution 1
a: Begin Untransformation, Renounce Religion


You were on level 4 of the Dungeon.
You worshipped Xom.
You were a special plaything of Xom.
You were a hulking beast.
You visited 1 branch of the dungeon, and saw 4 of its levels.

You collected 109 gold pieces.

Inventory:

Jewellery
 a - an amulet of faith
 l - an amulet of reflection
Talismans
 b - a beast talisman (active)
 c - a flux talisman
Scrolls
 d - a scroll of immolation
 g - a scroll of amnesia {unknown}
 h - 3 scrolls of teleportation {unknown}
 k - 3 scrolls of identify {unknown}
Potions
 i - a potion of mutation
 j - a potion of brilliance
 m - a potion of cancellation {unknown}
 n - a potion of curing


   Skills:
 + Level 2.7 Fighting
 + Level 3.2 Dodging
 + Level 3.5 Stealth
 * Level 4.3 Unarmed Combat
 * Level 4.5 Shapeshifting


You had 5 spell levels left.
You didn't know any spells.
Your spell library was empty.

Dungeon Overview and Level Annotations

Branches:
Dungeon (4/15)
 Temple: D:4-7

Altars:
Cheibriados
Xom
Zin

Shops:
D:2 *   D:4 *

Annotations:
D:3 1 runed translucent door, freelancePsychic's ghost, amateur DsBe


Innate Abilities, Weirdness & Mutations

You are a hulking beast.
Your limbs bulge with bestial killing power. (Slay +2)
You cannot wear most types of armour.
You are amphibious.
You can wear up to eight rings at the same time.
Your skin changes colour to match your surroundings (Stealth+).
Your rubbery body absorbs attacks. (AC +1, EV +1)
((You are camouflaged when in or above water. (Stealth+)))
You have tentacles for arms and can constrict up to eight enemies at once.
You are clumsy. (Dex -2)
You are strong-willed. (Will+)
You passively dampen the noise of your surroundings.
You have hidden genetic defects.


Message History

You open the door.
There is an open door here.
You open the door.
There is an open door here.
Found Zin's Purification Station.
Found a stone staircase leading down.
Found a cloak.
Found a glowing silver altar of Zin.
An orc comes into view. It is wielding a +0 flail.
There is an entrance to Zin's Purification Station here.
An orc comes into view. It is wielding a +0 flail.
Found a stone staircase leading up.
There is an entrance to Zin's Purification Station here.
Unknown command. 2 orcs come into view.
An orc is wielding a +0 short sword of electrocution.
A ball python comes into view.
Found a stone staircase leading down.
The ball python hisses angrily.
Xom makes a sudden noise!
You hear a hideous screaming!
The orc shouts! x2; You hear a shout! "Let's go for a ride!"
Your surroundings seem slightly different.
You closely miss the orc. Your grab misses the orc.
The orc hits you with a +0 short sword of electrocution.
You are electrocuted!
You tentacle-slap the orc. You grab the orc.
The orc is moderately wounded.
You constrict the orc. The orc hits you with a +0 dagger.
The orc hits you with a +0 flail. The orc completely misses you.
You are too injured to fight recklessly!
You are too injured to fight recklessly!
Unknown command.
You release your grip on the orc.
The orc attacks as it pursues you! The orc closely misses you.
The orc attacks as it pursues you! The orc hits you with a +0 dagger.
The orc hits you with a +0 flail.
* * * LOW HITPOINT WARNING * * *
The orc hits you with a +0 short sword of electrocution.
* * * LOW HITPOINT WARNING * * *
You are electrocuted!!
You die...
Xom laughs nastily!

+........#.##
#.....∩......
#########.......###
#..............##
#..........#_#..#
#.........##⌠##.#
#..........### .#
#ooo.....<.....##
#.hoS.......###
#...........#
#.>.........#
+...........#
#...........#
#.........
#.........
#.........


You could see 4 orcs and a ball python.

Vanquished Creatures
  Duvessa (D:4)
  Dowan (D:4)
  Natasha (thrice) (D:2)
  6 adders
  A ribbon worm (D:2)
  4 dart slugs
  An orc (D:3)
  3 bats
  5 endoplasms
  2 giant cockroaches (D:3)
  5 hobgoblins
  5 jackals (D:1)
  8 kobolds
  2 quokkas (D:3)
  10 ball pythons
  2 frilled lizards (D:1)
  2 goblins (D:1)
  4 rats
65 creatures vanquished.

Notes
Turn   | Place    | Note
-------+----------+-------------------------------------------
     0 | D:1      | runemasterragnar the Octopode Shapeshifter began the quest
                  | for the Orb.
     0 | D:1      | Reached XP level 1. HP: 13/13 MP: 1/1
   138 | D:1      | Reached XP level 2. HP: 15/18 MP: 2/2
   178 | D:1      | Reached skill level 1 in Stealth
   244 | D:1      | Reached XP level 3. HP: 23/23 MP: 3/3
  1053 | D:2      | Found a shimmering altar of Xom.
  1062 | D:2      | Found Dykojaof's Assorted Antiques.
  1085 | D:2      | Became a worshipper of Xom the Tricky
  1110 | D:2      | Reached XP level 4. HP: 24/29 MP: 4/4
  1224 | D:2      | Found a faded altar of an unknown god.
  1374 | D:2      | XOM: smoke on damage
  1420 | D:2      | XOM: silly message
  1816 | D:2      | Noticed Natasha
  1819 | D:2      | Killed Natasha
  1820 | D:2      | Reached XP level 5. HP: 14/34 MP: 5/5
  1831 | D:2      | Noticed Natasha
  1843 | D:2      | XOM: cast spell 'Olgreb's Toxic Radiance'
  1845 | D:2      | Gained mutation: You passively dampen the noise of your
                  | surroundings. [potion of mutation]
  1847 | D:2      | Killed Natasha
  1871 | D:2      | Noticed Natasha
  1877 | D:2      | XOM: confusion (+ monsters)
  1884 | D:2      | Killed Natasha
  2071 | D:3      | Found a runed translucent door.
  2072 | D:3      | Noticed freelancePsychic's ghost (amateur DsBe)
  2425 | D:3      | Reached XP level 6. HP: 40/40 MP: 6/6
  2528 | D:3      | XOM: 7-stop teleportation journey
  2811 | D:3      | XOM: silly message
  2879 | D:4      | XOM: give mutations
  2879 | D:4      | Gained mutation: You have hidden genetic defects. [Xom's
                  | mischief]
  2879 | D:4      | Gained mutation: You are strong-willed. (Will+) [Xom's
                  | mischief]
  2887 | D:4      | Found a snail-covered altar of Cheibriados.
  2944 | D:4      | Noticed Duvessa
  2944 | D:4      | Noticed Dowan
  2972 | D:4      | XOM: chaos upgrade
  2977 | D:4      | Killed Duvessa
  2977 | D:4      | Killed Dowan
  2981 | D:4      | Gained mutation: You are clumsy. (Dex -2) [hidden defects]
  3141 | D:4      | Found Zin's Purification Station.
  3144 | D:4      | Found a glowing silver altar of Zin.
  3155 | D:4      | XOM: noise
  3156 | D:4      | XOM: 1-stop teleportation journey
  3159 | D:4      | Mangled by an orc

Illustrated notes

Levels and vault maps discovered:
D:1:      scummos_arrival_checkerplants, layout_basic, serial_curves,
          eino_curves_01, eino_curves_02, minivault_27, hangedman_decor_growths
D:2:      layout_loops_corners, basic_altar, chequers_ecumenical_altar_simple,
          serial_shops, shop, minmay_bisected, uniq_natasha
D:3:      layout_basic, ebering_ghost_inner_flame
D:4:      layout_basic, kennysheep_slug_shrine, zin_purify,
          lemuel_crystal_altar, serial_curves, eino_curves_02, eino_curves_02,
          uniq_duvessa, uniq_sigmund

Skill      XL: |  1  2  3  4  5  6 |
---------------+-------------------+-----
Stealth        | 1 2 3 |  3.5
Fighting       | 2 |  2.7
Shapeshifting  | 4 |  4.5
Dodging        | 3 |  3.2
Unarmed Combat | 4 |  4.3

Action                     |  1- 3 |  4- 6 || total
---------------------------+-------+-------++-------
  Melee: Unarmed           |    51 |    69 ||   120
         Constrict         |    15 |    22 ||    37
         Tentacles         |     9 |    18 ||    27
         Punch             |     3 |     1 ||     4
    Use: Potion            |       |     5 ||     5
         Scroll            |       |     1 ||     1
   Stab: Sleeping          |     2 |     9 ||    11
 Armour: Skin              |    20 |    47 ||    67
  Dodge: Dodged            |    36 |    38 ||    74

Table legend: (Time is in decaauts)
 A = Elapsed time spent in this place.
 B = Non-inter-level travel time spent in this place.
 C = Inter-level travel time spent in this place.
 D = Time resting spent in this place.
 E = Time spent auto-exploring this place.
 F = Levels seen in this place.
 G = Mean time per level.
                   A        B        C        D        E       F      G
               +--------+--------+--------+--------+--------+-----+--------+
         Total |   3156 |   3054 |    102 |    187 |   2393 |   4 |  789.0 |
       Dungeon |   3156 |   3054 |    102 |    187 |   2393 |   4 |  789.0 |
               +--------+--------+--------+--------+--------+-----+--------+

Top non-repeatable levels by time:
     D:2: 1037 daAuts
     D:1: 1015 daAuts
     D:3: 805 daAuts
     D:4: 298 daAuts
